 Dungeon Crawl Stone Soup version 0.30.0-29-ga12c61a403 (webtiles) character file.

Game seed: 1242840402143246001

451 qw the Chopper (level 7, 0/44 HPs)
             Began as a Gargoyle Fighter on June 4, 2023.
             Slain by an orc priest
             ... wielding a +0 trident
              (7 damage)
             ... on level 5 of the Dungeon.
             The game lasted 00:02:01 (2727 turns).

qw the Chopper (Gargoyle Fighter)                   Turns: 2727, Time: 00:02:01

Health: 0/44       AC: 20    Str: 24    XL:     7   Next: 4%
Magic:  7/7        EV:  6    Int:  9    God:
Gold:   1047       SH:  4    Dex:  9    Spells: 6/6 levels left

rFire   + . .        Y - +1 war axe
rCold   + . .        c - +0 buckler
rNeg    + . .        i - +2 plate armour
rPois   inf          (no helmet)
rElec   +            (no cloak)
rCorr   .            b - +0 pair of gloves
SInv    .            f - +0 pair of boots of Absolutism {rF+ rC+ Str+3}
Will    .....        (no amulet) Stlth
                     (no ring)
HPRegen 0.27/turn    (no ring)
MPRegen 0.10/turn

%: no passive effects
@: no status effects
A: sickness immunity, AC +4, negative energy resistance 1, electricity
resistance, torment resistance 1, petrification resistance
a: no special abilities


You were on level 5 of the Dungeon.
You visited 1 branch of the dungeon, and saw 5 of its levels.

You collected 1047 gold pieces.


Innate Abilities, Weirdness & Mutations

You are immune to sickness and miasma.
Your stone body is resilient. (AC +4)
You are immune to poison.
You resist negative energy. (rN+)
You are resistant to electric shocks. (rElec)
You are resistant to unholy torment.
You are immune to petrification.


   Skills:
 - Level 4.3 Fighting
 - Level 6.0 Axes
 + Level 3.8 Armour
 - Level 3.2 Shields


You had 6 spell levels left.
You didn't know any spells.
Your spell library was empty.

Inventory:

Hand Weapons
 a - a +0 flail
 Y - a +1 war axe (weapon)
Armour
 b - a +0 pair of gloves (worn)
 c - a +0 buckler (worn)
 f - the +0 pair of boots of Absolutism (worn) {rF+ rC+ Str+3}
   (You acquired it on level 4 of the Dungeon)

   Str:       It affects your strength (+3).
   rF:        It protects you from fire.
   rC:        It protects you from cold.
 i - a +2 plate armour (worn)
Scrolls
 e - 3 scrolls of identify
Potions
 d - a potion of might
 g - a potion of lignification
 h - a potion of curing

Dungeon Overview and Level Annotations

Branches:
Dungeon (5/15)
 Temple: D:4-7

Altars:
Ashenzari
Cheibriados
Fedhas
Sif Muna
The Shining One


Message History

You block the hound's attack. The hound bites you but does no damage.
You slash the hound!
You kill the hound!
The hound bites you but does no damage.
You have reached level 7!
You hit the hound.
The hound is lightly wounded.
The hound barely misses you.
The orc priest hits you but does no damage. x2
You block the hound's attack.
You slash the hound!
The hound is severely wounded.
The hound bites you but does no damage. You block the orc priest's attack.
You closely miss the hound.
The hound is heavily wounded.
The hound bites you but does no damage. x2
The orc priest hits you from afar with a +0 trident.
You completely miss the hound.
The hound is heavily wounded.
The hound bites you but does no damage. You block the orc priest's attack.
The hound bites you but does no damage.
You barely miss the hound.
The hound is heavily wounded.
The hound bites you but does no damage.
The orc priest hits you but does no damage.
The hound pauses to sniff the ground.
The hound bites you but does no damage. The orc priest barely misses you.
You hit the hound.
The hound is almost dead.
The hound bites you. You block the hound's attack.
The orc priest hits you from afar with a +0 trident.
You hit the hound but do no damage.
The hound is almost dead.
The hound bites you but does no damage. You block the orc priest's attack.
The hound pauses to sniff the ground.
The hound barely misses you.
You slash the hound!
You kill the hound!
The orc priest hits you from afar with a +0 trident!
You die...

# ### .#
##.######o.##..
#.#....@oo.....
##.######o.#...
#.# .# #<# #
#.# #.# #.# #.#
..#


You could see an orc priest and 3 orcs.

Vanquished Creatures
  3 scorpions (D:4)
  A howler monkey (D:4)
  2 hounds (D:5)
  2 orc wizards
  4 adders
  3 worms
  3 dart slugs
  6 orcs
  6 ball pythons
  11 bats
  10 endoplasms
  5 giant cockroaches
  9 goblins
  7 hobgoblins
  9 jackals
  6 kobolds
  2 quokkas
  5 frilled lizards
  4 rats
98 creatures vanquished.

Notes
Turn   | Place    | Note
-------+----------+-------------------------------------------
     0 | D:1      | qw the Gargoyle Fighter began the quest for the Orb.
     0 | D:1      | Reached XP level 1. HP: 14/14 MP: 1/1
     0 | D:1      | 0 ||| qw: Version: 0.2-a-103-g5a998e5
     0 | D:1      | 0 ||| qw: Game counter: 1134
     0 | D:1      | 0 ||| qw: Always use a shield: true
     0 | D:1      | 0 ||| qw: God list: Okawaru
     0 | D:1      | 0 ||| qw: Allow faded altars: false
     0 | D:1      | 0 ||| qw: Do Orc after D:15 true
     0 | D:1      | 0 ||| qw: Do second Lair branch before Depths: true
     0 | D:1      | 0 ||| qw: Lair rune preference: random
     0 | D:1      | 0 ||| qw: Plans: Normal, Zot:1-4, Slime:5, God:TSO, Crypt,
                  | Tomb, Pan, Hells, Abyss, Win
     0 | D:1      | 0 ||| PLANNING D:1-11
    29 | D:1      | Reached skill level 2 in Axes
    82 | D:1      | 82 ||| DROPPING +0 club.
   111 | D:1      | Reached XP level 2. HP: 19/19 MP: 2/2
   112 | D:1      | 112 ||| Stepping ~*~*~tactically~*~*~ (stealth).
   328 | D:1      | You fall into a shaft and drop 1 floor!
   364 | D:2      | Reached skill level 3 in Axes
   365 | D:2      | 365 ||| READING scroll labelled JAPODO RIES.
   368 | D:2      | 368 ||| FLEEEEING.
   369 | D:2      | 369 ||| FLEEEEING.
   370 | D:2      | 370 ||| STAIRDANCE
   374 | D:1      | Reached XP level 3. HP: 22/23 MP: 3/3
   394 | D:1      | 394 ||| Stepping ~*~*~tactically~*~*~ (stealth).
   396 | D:1      | 396 ||| Stepping ~*~*~tactically~*~*~ (stealth).
   515 | D:1      | 515 ||| Stepping ~*~*~tactically~*~*~ (hiding).
   545 | D:1      | 545 ||| Stepping ~*~*~tactically~*~*~ (stealth).
   911 | D:1      | Reached XP level 4. HP: 28/28 MP: 4/4
   976 | D:1      | 976 ||| READING 3 scrolls labelled LISTINA CYORCHO.
   977 | D:1      | 977 ||| READING scroll labelled VAAQAP BIKHUMM.
  1074 | D:2      | 1074 ||| Stepping ~*~*~tactically~*~*~ (stealth).
  1189 | D:2      | 1189 ||| Stepping ~*~*~tactically~*~*~ (stealth).
  1191 | D:2      | 1191 ||| Stepping ~*~*~tactically~*~*~ (stealth).
  1198 | D:2      | 1198 ||| Stepping ~*~*~tactically~*~*~ (stealth).
  1220 | D:2      | 1220 ||| Stepping ~*~*~tactically~*~*~ (stealth).
  1222 | D:2      | Reached skill level 4 in Axes
  1222 | D:2      | 1222 ||| Stepping ~*~*~tactically~*~*~ (stealth).
  1223 | D:2      | 1223 ||| Stepping ~*~*~tactically~*~*~ (stealth).
  1224 | D:2      | 1224 ||| Stepping ~*~*~tactically~*~*~ (stealth).
  1396 | D:2      | 1396 ||| Stepping ~*~*~tactically~*~*~ (stealth).
  1399 | D:2      | 1399 ||| Stepping ~*~*~tactically~*~*~ (hiding).
  1400 | D:2      | 1400 ||| Stepping ~*~*~tactically~*~*~ (hiding).
  1401 | D:2      | 1401 ||| Stepping ~*~*~tactically~*~*~ (hiding).
  1405 | D:2      | 1405 ||| Stepping ~*~*~tactically~*~*~ (hiding).
  1428 | D:2      | 1428 ||| Stepping ~*~*~tactically~*~*~ (stealth).
  1453 | D:2      | Found a snail-covered altar of Cheibriados.
  1558 | D:2      | 1558 ||| Stepping ~*~*~tactically~*~*~ (stealth).
  1581 | D:2      | 1581 ||| UPGRADING to +0 plate armour.
  1591 | D:2      | 1591 ||| DROPPING +0 scale mail.
  1592 | D:2      | 1592 ||| READING 2 scrolls of enchant armour.
  1592 | D:2      | 1592 ||| ENCHANTING +0 plate armour.
  1593 | D:2      | 1593 ||| READING scroll of enchant armour.
  1593 | D:2      | 1593 ||| ENCHANTING +1 plate armour.
  1594 | D:2      | 1594 ||| READING 2 scrolls labelled JOYCIM UJ COUCEOFI.
  1702 | D:3      | Reached XP level 5. HP: 18/32 MP: 5/5
  2081 | D:3      | 2081 ||| UPGRADING to +0 pair of gloves.
  2086 | D:3      | 2086 ||| DROPPING ring of flight.
  2087 | D:3      | 2087 ||| READING scroll labelled QIECLULUPS.
  2088 | D:3      | 2088 ||| DRINKING 2 lumpy puce potions.
  2089 | D:3      | 2089 ||| DRINKING 2 viscous coppery potions.
  2090 | D:3      | 2090 ||| READING 4 scrolls of identify.
  2090 | D:3      | 2090 ||| IDENTIFYING fizzy dark potion
  2091 | D:3      | 2091 ||| READING 3 scrolls of identify.
  2091 | D:3      | 2091 ||| IDENTIFYING inky potion
  2092 | D:3      | 2092 ||| DROPPING potion of brilliance.
  2093 | D:3      | 2093 ||| DROPPING potion of flight.
  2094 | D:3      | 2094 ||| DROPPING potion of magic.
  2140 | D:4      | 2140 ||| Stepping ~*~*~tactically~*~*~ (stealth).
  2159 | D:4      | 2159 ||| Stepping ~*~*~tactically~*~*~ (stealth).
  2161 | D:4      | Found a blossoming altar of Fedhas.
  2176 | D:4      | Reached skill level 5 in Axes
  2189 | D:4      | Reached XP level 6. HP: 27/38 MP: 6/6
  2268 | D:4      | 2268 ||| DROPPING +0 mace.
  2276 | D:4      | Identified the +0 ring mail of the Armadillo {rPois Str-4
                  | Slay+5}
  2328 | D:4      | Found a glowing golden altar of the Shining One.
  2373 | D:4      | Reached skill level 6 in Axes
  2425 | D:4      | Found a shimmering blue altar of Sif Muna.
  2426 | D:4      | Found a broken altar of Ashenzari.
  2432 | D:4      | 2432 ||| Stepping ~*~*~tactically~*~*~ (stealth).
  2669 | D:4      | 2669 ||| READING 2 scrolls labelled ATSAQIUQAET.
  2669 | D:4      | Identified 2 scrolls of acquirement
  2669 | D:4      | 2669 ||| ACQUIRING 878 gold pieces
  2669 | D:4      | Acquired 878 gold pieces
  2671 | D:4      | 2671 ||| READING scroll of acquirement.
  2671 | D:4      | 2671 ||| ACQUIRING +0 pair of boots of Absolutism {rF+ rC+
                  | Str+3}
  2671 | D:4      | Acquired the +0 pair of boots of Absolutism {rF+ rC+ Str+3}
  2673 | D:4      | 2673 ||| UPGRADING to +0 pair of boots of Absolutism {rF+
                  | rC+ Str+3}.
  2678 | D:4      | 2678 ||| DRINKING 2 fizzy silvery potions.
  2697 | D:5      | Entered Level 5 of the Dungeon
  2720 | D:5      | Reached XP level 7. HP: 13/44 MP: 7/7
  2725 | D:5      | HP: 10/44 [hound (4)]
  2727 | D:5      | Slain by an orc priest

Levels and vault maps discovered:
D:1:      moated_graveyard_arrival, layout_basic, minmay_misc_feat_x
D:2:      minmay_skewed_foursquare, layout_rooms, basic_altar
D:3:      layout_rooms
D:4:      layout_cave_pools, mainiacjoe_overflow_catch_the_wave,
          nicolae_overflow_hidden_temple
D:5:      layout_loops_ring, grunt_temple_overflow_order_and_chaos_1

Skill      XL: |  1  2  3  4  5  6 |
---------------+-------------------+-----
Axes           | 2 3 4 5 6 |  6.0
Fighting       | 4 |  4.3
Armour         | |  3.8
Shields        | |  3.2

Action                     |  1- 3 |  4- 6 |  7- 9 || total
---------------------------+-------+-------+-------++-------
  Melee: War axe           |   130 |   180 |     8 ||   318
  Throw: Boomerang         |    11 |    43 |       ||    54
    Use: Scroll            |     1 |    10 |       ||    11
         Potion            |       |     3 |       ||     3
 Armour: Scale mail        |    76 |    29 |       ||   105
         Plate armour      |       |   123 |    11 ||   134
  Dodge: Dodged            |    67 |    72 |     3 ||   142
  Block: Buckler           |    35 |    41 |     5 ||    81

Table legend:
 A = Non-vault XP
 B = Vault XP
 C = Vault XP percentage of total XP
 D = Non-vault monster count
 E = Vault monster count
 F = Vault count percentage of total count
                 A         B        C        D         E       F
            +---------+---------+-------+---------+---------+-------
      Total |     680 |       8 |   1.2 |      95 |       3 |   3.1
            +---------+---------+-------+---------+---------+-------
        D:1 |      72 |       0 |   0.0 |      35 |       0 |   0.0
        D:2 |      56 |       8 |  12.5 |      23 |       3 |  11.5
        D:3 |      63 |       0 |   0.0 |      14 |       0 |   0.0
        D:4 |     401 |       0 |   0.0 |      20 |       0 |   0.0
        D:5 |      88 |       0 |   0.0 |       3 |       0 |   0.0
            +---------+---------+-------+---------+---------+-------
